 Dungeon Crawl Stone Soup version 0.20-a0-1122-gb7cbeb9 (webtiles) character file.

24 Alarkh the Digger (level 2, 19/19 HPs)
             Began as a Demonspawn Earth Elementalist on May 14, 2017.
             Got out of the dungeon alive.
             The game lasted 00:00:45 (1309 turns).

Alarkh the Digger (Demonspawn Earth Elementalist)   Turns: 1309, Time: 00:00:46

Health: 19/19      AC:  2    Str:  8    XL:     2   Next: 79%
Magic:  5/5        EV: 12    Int: 16    God:
Gold:   18         SH:  0    Dex: 13    Spells: 4/5 levels left

rFire    . . .     SeeInvis .   a - +0 dagger
rCold    . . .     Gourm    .   (no shield)
rNeg     . . .     Faith    .   c - +0 robe
rPois    .         Spirit   .   (no helmet)
rElec    .         Reflect  .   (no cloak)
rCorr    .         Harm     .   (no gloves)
MR       .....                  (no boots)
Stlth    ++........             (no amulet)
Regen    0.1/turn               (no ring)
MPRegen  0.1/turn               (no ring)

@: no status effects
A: spiny 1
a: no special abilities


You escaped.
You were not hungry.

You visited 1 branch of the dungeon, and saw 1 of its levels.

You collected 18 gold pieces.

Inventory:

Hand Weapons
 a - a +0 dagger (weapon)
Missiles
 b - 51 stones (quivered)
Armour
 c - a +0 robe (worn)
Scrolls
 f - a scroll of enchant weapon {unknown}
 h - a scroll of fear {unknown}
 i - a scroll of teleportation {unknown}
 o - 2 scrolls of identify {unknown}
Potions
 g - a potion of lignification {unknown}
 j - a potion of haste {unknown}
 l - a potion of flight {unknown}
 n - a potion of brilliance {unknown}
 p - a potion of resistance {unknown}
 q - 2 potions of heal wounds {unknown}
 r - a potion of invisibility
Books
 e - a book of Geomancy

   Spells                             Type                      Level
   a - Sandblast                      Earth                        1
   b - Passwall                       Transmutation/Earth          2
   c - Stone Arrow                    Conjuration/Earth            3
   d - Petrify                        Transmutation/Earth          4
   e - Lee's Rapid Deconstruction     Earth                        5
Comestibles
 d - 2 bread rations
 m - 2 royal jellies


   Skills:
 - Level 1.7 Dodging
 - Level 1.7 Stealth
 + Level 2.3 Spellcasting
   Level 0.8 Transmutations
 + Level 3.4 Earth Magic


You had 4 spell levels left.
You knew the following spells:

 Your Spells              Type           Power        Failure   Level  Hunger
a - Sandblast             Erth           ##....       4%          1    #......


Dungeon Overview and Level Annotations

Branches:
Dungeon (1/15)

Altars:
Ashenzari


Innate Abilities, Weirdness & Mutations

You are partially covered in sharp spines.


Message History

r - a potion of invisibility You see here a mace.
As you open the door, it creaks loudly!
There is an open door here.
There is an open door here.
There is an open door here.
There is an open door here.
There is an open door here.
There is an open door here.
All of the chunks of flesh in your inventory have rotted away.
Key pressed, stopping explore.
There is a shattered altar of Ashenzari here.
There is an open door here.
You open the door.
There is an open door here.
Done exploring.
Done exploring.
There is a staircase leading out of the dungeon here.
Are you sure you want to leave the Dungeon?
This will make you lose the game!
You have escaped!

#.###..# #.......# #. # #.# #..#
#....)..# ##' ## #.###..#
####.#### ##.. .## #.##...# ##.#
##... ..## #......# ##..# ##....
...####....##########...####.....
...'.......................+.....
...####....##########...####.....
..## #..#.##...@...##..# ##....
.## #.##.##8.....8###.# ##...
##############.....######## ##..
..).##......'..8.8..'.....# ##'
###.##########.....######## #.
#.# #.# #.....# #. ###.######.#
#.8.8.##### #######. ...........#
#.....#...# #...##.. .##.########
#.....###.###.#.....


There were no monsters in sight!

Vanquished Creatures
  2 dart slugs (D:1)
  A leopard gecko (D:1)
  A bat (D:1)
  A giant cockroach (D:1)
  3 goblins (D:1)
  3 hobgoblins (D:1)
  A ball python (D:1)
  2 kobolds (D:1)
  5 rats (D:1)
19 creatures vanquished.

Notes
Turn   | Place    | Note
-------+----------+-------------------------------------------
     0 | D:1      | Alarkh the Demonspawn Earth Elementalist began the quest for the Orb.
     0 | D:1      | Reached XP level 1. HP: 13/13 MP: 3/3
    20 | D:1      | Found a shattered altar of Ashenzari.
   383 | D:1      | Reached skill level 3 in Earth Magic
   383 | D:1      | Gained mutation: You are partially covered in sharp spines. [demonic ancestry]
   383 | D:1      | Reached XP level 2. HP: 19/19 MP: 1/5
  1309 | D:$      | Got out of the dungeon alive.

Vault maps used:
D:1:      elethiomel_arrival_quiet, ashenzari_altar_1

Skill      XL: |  1 |
---------------+----+-----
Earth Magic    | 3 |  3.4
Dodging        | |  1.7
Stealth        | |  1.7
Spellcasting   | |  2.3
Transmutations | |  0.8

Action                   || total
-------------------------++-------
Melee: Dagger            ||    44
 Cast: Sandblast         ||     8
 Stab: Sleeping          ||     1
  Eat: Chunk             ||     1
Armor: Robe              ||     6
Dodge: Dodged            ||    31
